Unix NetHack Version 5.0.0-0 post-release - last build Jun 10 2026 00:39:30 (3ee93aec679c4c4259841fe613dc97188e26a321,branch:main).

Game began 2026-07-11 04:48:00, ended 2026-07-11 04:55:50.

Brudee, chaotic female human Rogue

                                                            --------
                                           ##               ?*?%(![|
                                            0########      %!(([(?%|
                                            ##------#####  [!)[*?+?|
                                          ####|....|#   # .!)%]//=?|
                                             #|.{..|#   #-.%?!!?[)!|
                                           ###-....-##### ----------
                                           # #|....|#
                                           # #|....|#
                                           # #|....|#
                                           # #------
                                           # ###
                                           #   ###       --------+------
                          ---------------- #     #####   |.............|
        0########*###f#@h#-......x..>.....##         #   |.............|
                          |..............|           #   |.............|
                          |..............|           ##  |.........<...|
                          ----------------            ###-.............|
                                                         ---------------

Brudee the Footpad      St:12 Dx:16 Co:17 In:8 Wi:14 Ch:9  Chaotic S:299
Dlvl:4  $:49 HP:0(19) Pw:4(4) AC:7  Xp:2/25 T:1001 

Latest messages:
 This door is locked.
 Unlock it with your lock pick? [ynq] (q) y
 You succeed in picking the lock.
 The door opens.
 That door is closed.
 This door is locked.
 Unlock it with your lock pick? [ynq] (q) y
 You succeed in picking the lock.
 The door opens.
 You see here a tripe ration.
 o - a tripe ration (2 in total).
 You swap places with Sparky.
 $ - 7 gold pieces (36 in total).
 You see here a statue of a grid bug.
 You descend the stairs.
 The door opens.
 v - a magenta potion.
 You kill the newt!
 w - a cyan potion.
 $ - 13 gold pieces (49 in total).
 The door opens.
 You see here a grappling hook.
 x - a grappling hook.
 y - a bubbly potion.
 The door resists!
 The door opens.
 With great effort you move the boulder.
 You try to move the boulder, but in vain.
 You try to move the boulder, but in vain.
 You try to move the boulder, but in vain.
 You swap places with Sparky.
 A rock misses you.
 The hobbit shoots a rock!
 You are hit by a rock.
 The hobbit shoots a rock!
 You are hit by a rock.
 You hit the hobbit!
 The hobbit swings her sling.
 The hobbit hits!
 You miss the hobbit.
 The hobbit swings her sling.
 The hobbit hits!
 You hit the hobbit.
 The hobbit swings her sling.
 The hobbit hits!
 You die...
 Do you want your possessions identified? [ynq] (y) y
 Do you want to see your attributes? [ynq] (y) y
 Do you want an account of creatures vanquished? [ynaq] (y) y
 Do you want to see your conduct and achievements? [ynq] (y) q

Inventory:
 Coins    ('$')
  $ - 49 gold pieces
 Weapons  (')')
  j - 9 +0 silver arrows
  b - a +0 dagger (alternate weapon; not wielded)
  h - 12 +0 daggers (at the ready)
  a - a +0 short sword (weapon in right hand)
 Armor    ('[')
  c - an uncursed +1 leather armor (being worn)
 Comestibles  ('%')
  t - 2 uncursed cram rations
  f - an uncursed food ration
  o - 2 uncursed tripe rations
  l - a cursed tripe ration
  s - an uncursed tin of spinach
  k - an uncursed lichen corpse
 Potions  ('!')
  y - a cursed potion of fruit juice
  w - an uncursed potion of object detection
  v - an uncursed potion of oil
 Tools    ('(')
  i - an uncursed sack containing 5 items
  x - a +0 grappling hook
  e - an uncursed lock pick
  g - an uncursed magic lamp (lit)

Contents of the sack:
  an uncursed scroll of enchant weapon
  3 uncursed potions of healing
  an uncursed potion of sickness
  an uncursed potion of speed
  a potion of holy water

Brudee the Rogue's attributes:

Background:
 You were a Footpad, a level 2 female human Rogue.
 You were chaotic, on a mission for Kos
 who was opposed by Issek (lawful) and Mog (neutral).
 You were right-handed.
 You were in the Dungeons of Doom, on level 4.
 You entered the dungeon 1001 turns ago.
 It was nighttime.
 You had 25 experience points, 15 more were needed to attain level 3.
 Your score was 299 before end-of-game adjustments.

Basics:
 You had 0 out of 19 hit points.
 You had all 4 energy points (spell power).
 Your armor class was 7.
 Your wallet contained 49 zorkmids.
 Autopickup was on for '$!=+?/"' plus thrown.

Final Characteristics:
 Your strength was 12 (limit:18/100).
 Your dexterity was 16 (limit:18).
 Your constitution was 17 (limit:18).
 Your intelligence was 8 (limit:18).
 Your wisdom was 14 (limit:18).
 Your charisma was 9 (limit:18).

Final Status:
 You weren't hungry.
 You were unencumbered.
 You were wielding a short sword.
 You had basic skill with short sword.

Final Attributes:
 You were devoutly aligned.
 You were stealthy.
 You were warded.
 You are dead.

Miscellaneous:
 You didn't encounter any bones levels.
 Total elapsed playing time was 7 minutes and 49 seconds.

Major events:
 Turn
    1: Brudee the chaotic female human Rogue entered the dungeon
  443: entered the Gnomish Mines
 1001: killed by a hobbit

You didn't know any spells.

Skills:
 Fighting Skills
   bare handed combat [Unskilled]
   two weapon combat  [Unskilled]
   riding             [Unskilled]
 Weapon Skills
   dagger             [Basic]
   knife              [Unskilled]
   short sword        [Basic]
   broadsword         [Unskilled]
   long sword         [Unskilled]
   two-handed sword   [Unskilled]
   saber              [Unskilled]
   club               [Unskilled]
   mace               [Unskilled]
   morning star       [Unskilled]
   flail              [Unskilled]
   hammer             [Unskilled]
   polearms           [Unskilled]
   spear              [Unskilled]
   crossbow           [Unskilled]
   dart               [Unskilled]
   shuriken           [Unskilled]
 Spellcasting Skills
   divination spells  [Unskilled]
   escape spells      [Unskilled]
   matter spells      [Unskilled]

Voluntary challenges:
 Character rerolling was not enabled.
 You were illiterate.
 You never genocided any monsters.
 You never polymorphed an object.
 You never changed form.
 You used no wishes.
Achievements:
 You entered a shop.
 You entered the Gnomish Mines.

 The Dungeons of Doom: levels 1 to 4
    Level 1:
       A fountain.
    Level 2:
       A potion shop, many altars.
       Stairs down to The Gnomish Mines.
    Level 3:
       A fountain.
    Level 4: <- You were here.
       A fountain.
       Final resting place for
          you, killed by a hobbit.
 The Gnomish Mines:
    Level 3:


Vanquished creatures:
  3 jackals
  a fox
  a kobold
  a sewer rat
  2 grid bugs
  3 lichens
  3 newts
14 creatures vanquished.

No species were genocided or became extinct.

Game over:
                       ----------
                      /          \
                     /    REST    \
                    /      IN      \
                   /     PEACE      \
                  /                  \
                  |      Brudee      |
                  |      49 Au       |
                  |   killed by a    |
                  |      hobbit      |
                  |                  |
                  |                  |
                  |       2026       |
                 *|     *  *  *      | *
        _________)/\\_//(\/(/\)/\//\/|_)_______

Goodbye Brudee the Rogue...

You died in The Dungeons of Doom on dungeon level 4 with 295 points,
and 49 pieces of gold, after 1001 moves.
You were level 2 with a maximum of 19 hit points when you died.

